 Dungeon Crawl Stone Soup version 0.26-a0-259-g1effd001a9 (webtiles) character file.

Game seed: 9117752894680144528

0 Esekla the Skirmisher (level 1, -15/18 HPs)
             Began as a Formicid Abyssal Knight on July 12, 2020.
             Was a Follower of Lugonu.
             Killed from afar by a smoke demon (17 damage)
             ... with a ball of steam
             ... on level 1 of the Abyss.
             The game lasted 00:01:14 (118 turns).

Esekla the Skirmisher (Formicid Abyssal Knight)      Turns: 118, Time: 00:01:14

Health: -15/18     AC:  3    Str: 16    XL:     1   Next: 0%
Magic:  2/2        EV: 11    Int: 11    God:    Lugonu [*.....]
Gold:   0          SH:  0    Dex: 10    Spells: 0/0 levels left

rFire    . . .     SeeInvis +   a - +1 falchion
rCold    + . .     Faith    .   (no shield)
rNeg     . . .     Spirit   .   b - +0 leather armour
rPois    .         Reflect  .   (helmet unavailable)
rElec    .         Harm     .   (no cloak)
rCorr    .                      (no gloves)
MR       .....                  (no boots)
Stlth    +.........             (no amulet)
HPRegen  0.06/turn              d - ring of protection from cold
MPRegen  0.08/turn              (no ring)

@: no status effects
A: permanent stasis, dig shafts and tunnels, four strong arms, antennae 3
a: Dig, Shaft Self, Depart the Abyss, Renounce Religion


You were on level 1 of the Abyss.
You worshipped Lugonu.
Lugonu was aware of your devotion.
You were not hungry.

You visited 0 branches of the dungeon, and saw 0 of its levels.
You visited the Abyss 1 time.

Inventory:

Hand Weapons
 a - a +1 falchion (weapon)
Armour
 b - a +0 leather armour (worn)
Jewellery
 d - a ring of protection from cold (left hand)
Comestibles
 c - 2 rations


   Skills:
 + Level 3.2 Fighting
 + Level 2.0 Long Blades
 + Level 2.1 Armour
 + Level 0.8 Dodging
 + Level 2.1 Invocations


You couldn't memorise any spells.
You didn't know any spells.
Your spell library was empty.

Dungeon Overview and Level Annotations

Branches:
Dungeon (0/15)

Altars:


Innate Abilities, Weirdness & Mutations

You cannot be hasted, slowed, berserked, paralysed or teleported.
You can dig through walls and to a lower floor.
Your four strong arms can wield two-handed weapons with a shield.
You have a pair of large antennae on your head. (SInv)


Message History

A small abomination comes into view.
A smoke demon comes into view.
The smoke demon roars!
The smoke demon gestures at you. The sticky flame misses you.
A large abomination comes into view.
The smoke demon gestures at you. The ball of steam hits you!
Ouch! That really hurt!
* * * LOW HITPOINT WARNING * * *
A tentacled starspawn comes into view.
An iron imp comes into view.
The iron imp shouts, "Quit, thou currish weevil-witted erk!"
The iron imp shouts, "Take thy face hence, thou ducking fool-born varlet!"
A smoke demon comes into view.
The smoke demon roars!
The smoke demon gestures at you. The ball of steam hits you!
Ouch! That really hurt!
You die...

.... ## ##...# #.
.#.....## .## ## .
............###.. .###
........#.#.#..#. ...
............#.#..#.. #.
#......##....#.#.. #..#
#@##...##.#.##....
#.....#§#...#{5..5.##.#
........#§....#...#.#..#
.......##...###{ ..##..
....... ##.#X#.##.{.....
.#..... #3##w3####§..#.
##...# .#..{...# { ..#
#.... ....# ...##§...#
.... ..#....#..##... ..


There were no monsters in sight!

Vanquished Creatures (others)
  A starspawn tentacle (Abyss:1)
1 creature vanquished.

Notes
Turn   | Place    | Note
-------+----------+-------------------------------------------
     0 | Abyss:1  | Esekla the Formicid Abyssal Knight began the quest for the
                  | Orb.
     0 | Abyss:1  | Reached XP level 1. HP: 18/18 MP: 2/2
    79 | Abyss:1  | Noticed a small abomination
    81 | Abyss:1  | Noticed a smoke demon
   103 | Abyss:1  | Noticed a large abomination
   108 | Abyss:1  | Noticed a tentacled starspawn
   109 | Abyss:1  | Noticed an iron imp
   117 | Abyss:1  | Noticed a smoke demon
   118 | Abyss:1  | Killed from afar by a smoke demon

Illustrated notes

Levels and vault maps discovered:
Abyss:1

Action                   || total
-------------------------++-------
Dodge: Dodged            ||     1

Table legend:
 A = Non-vault XP
 B = Vault XP
 C = Vault XP percentage of total XP
 D = Non-vault monster count
 E = Vault monster count
 F = Vault count percentage of total count
                 A         B        C        D         E       F
            +---------+---------+-------+---------+---------+-------
      Total |       0 |       0 |   N/A |       0 |       0 |  -nan
            +---------+---------+-------+---------+---------+-------
            +---------+---------+-------+---------+---------+-------
